 Dungeon Crawl Stone Soup version 0.30.1-4-g462c640d31 (webtiles) character file.

Game seed: 285035640790180808

221 safid the Chiller (level 5, -2/40 HPs)
             Began as a Merfolk Ice Elementalist on Sept 5, 2023.
             Slain by an orc
             ... wielding a +5 dagger of speed
              (7 damage)
             ... on level 6 of the Dungeon.
             The game lasted 00:03:48 (2798 turns).

safid the Chiller (Merfolk Ice Elementalist)        Turns: 2798, Time: 00:03:49

Health: -2/40      AC:  2    Str:  8    XL:     5   Next: 98%
Magic:  5/9        EV: 12    Int: 16    God:
Gold:   184        SH:  4    Dex: 15    Spells: 3/10 levels left

rFire   . . .        v - +2 mace (holy)
rCold   . . .        s - +0 buckler
rNeg    . . .        a - +0 robe
rPois   .            (no helmet)
rElec   .            (no cloak)
rCorr   .            (no gloves)
SInv    .            (no boots)
Will    .....        h - amulet of regeneration
Stlth   ++           (no ring)
HPRegen 1.06/turn    (no ring)
MPRegen 0.11/turn

%: no passive effects
@: very slightly contaminated
A: (nimble swimmer 2), mertail
a: no special abilities


You were on level 6 of the Dungeon.
You visited 1 branch of the dungeon, and saw 4 of its levels.

You collected 184 gold pieces.

Inventory:

Hand Weapons
 v - a +2 mace of holy wrath (weapon)
Armour
 a - a +0 robe (worn)
 s - a +0 buckler (worn)
Jewellery
 h - an amulet of regeneration (around neck)
 q - a ring of ice
Wands
 o - a wand of flame (21)
Scrolls
 d - a scroll of magic mapping {unknown}
 e - 3 scrolls of teleportation {unknown}
 f - 6 scrolls of identify {unknown}
 i - 2 scrolls of vulnerability {unknown}
 k - a scroll of blinking {unknown}
 m - 2 scrolls of fog {unknown}
 n - a scroll of poison {unknown}
 p - a scroll of fear {unknown}
 u - a scroll of enchant armour {unknown}
Potions
 b - a potion of magic
 g - 3 potions of curing
 j - a potion of brilliance {unknown}
 l - 2 potions of attraction {unknown}
 r - a potion of haste {unknown}
 t - a potion of mutation {unknown}


   Skills:
 + Level 2.8 Fighting
 + Level 3.6 Dodging
 - Level 2.1 Stealth
 + Level 1.5 Shields
 + Level 3.2 Spellcasting
 + Level 5.4 Ice Magic


You had 3 spell levels left.
You knew the following spells:

 Your Spells              Type           Power      Damage    Failure   Level
a - Freeze                Ice            76%        1d8       3%          1
b - Frozen Ramparts       Ice            38%        1d6       10%         3
c - Ozocubu's Armour      Ice            19%        N/A       10%         3

Your spell library contained the following spells:

 Spells                   Type           Power      Damage    Failure   Level
 Sting                    Tmut/Pois      8%         1d3       28%         1
 Summon Ice Beast         Ice/Summ       11%        N/A       67%         4
 Blade Hands              Tmut           1%         N/A       100%        5
 Irradiate                Conj/Tmut      1%         3d12      100%        5
 Dragon Form              Tmut           1%         N/A       100%        7


Dungeon Overview and Level Annotations

Branches:
Dungeon (3/15)

Altars:
Cheibriados


Innate Abilities, Weirdness & Mutations

((You are very nimble when in or above water. (Stealth+, EV+, Speed+++)))
Your lower body shifts to a powerful aquatic tail in water.


Message History

Something hits you.
You hear some strange, mumbled words.
Something tries to affect you, but you resist.
Something hits you.
You hear some strange, mumbled words.
A puff of flame appears from out of thin air!
The puff of flame hits you!
You hear some strange, mumbled words.
A magic dart appears from out of thin air!
The magic dart hits you!
The orc wizard hits you with a +0 dagger.
The orc barely misses you.
You hear some strange, mumbled words.
A magic dart appears from out of thin air!
The magic dart hits you!
* * * LOW HITPOINT WARNING * * *
The orc hits you with a +5 dagger of speed.
* * * LOW HITPOINT WARNING * * *
Unknown command.
It was a potion of curing.
You feel better.
The orc wizard hits you with a +0 dagger.
* * * LOW HITPOINT WARNING * * *
You hear some strange, mumbled words.
Something tries to affect you, but you resist.
You block the orc's attack.
Unknown command.
Casting: Frozen Ramparts (dangerous; 10% risk of failure)
Confirm with . or Enter, or press ? or * to list all spells.
Casting: Frozen Ramparts (dangerous; 10% risk of failure)
Press: ? - help, Dir - look around, f - activate You miscast Frozen Ramparts.
You are very lightly contaminated with residual magic.
Nothing appears to happen.
The orc wizard hits you but does no damage.
Something hits you.
* * * LOW HITPOINT WARNING * * *
The orc hits you with a +5 dagger of speed.
* * * LOW HITPOINT WARNING * * *
The orc hits you with a +5 dagger of speed!
You die...

# ### .# ..#
#.# #.###.#
###########
#..#.#
#.........#
#.#o#####...
#########†#
#.?@o......#
#.#
###{#####<##
#.# #.#
#######.#####.#
..............#
##########.####
#........
#########


You could see an orc wizard and an orc.

Vanquished Creatures
  A bullfrog (D:6)
  An orc priest (D:3)
  A sleepcap (D:6)
  An adder (D:3)
  3 worms
  5 dart slugs
  8 orcs
  3 ball pythons
  2 bats
  3 endoplasms
  2 giant cockroaches
  4 goblins
  3 hobgoblins
  11 jackals
  5 kobolds
  5 quokkas
  3 frilled lizards
  2 rats (D:1)
63 creatures vanquished.

Notes
Turn   | Place    | Note
-------+----------+-------------------------------------------
     0 | D:1      | safid the Merfolk Ice Elementalist began the quest for the
                  | Orb.
     0 | D:1      | Reached XP level 1. HP: 13/13 MP: 3/3
   440 | D:1      | Reached XP level 2. HP: 20/20 MP: 3/5
   497 | D:1      | Reached skill level 1 in Fighting
   872 | D:1      | Reached XP level 3. HP: 26/26 MP: 4/6
   942 | D:1      | Learned a level 3 spell: Frozen Ramparts
  1516 | D:2      | Found a faded altar of an unknown god.
  1524 | D:2      | Got Plato's Tome of the Figure
  1803 | D:2      | Reached skill level 5 in Ice Magic
  1807 | D:2      | Reached XP level 4. HP: 30/33 MP: 3/8
  1811 | D:2      | Learned a level 3 spell: Ozocubu's Armour
  2181 | D:2      | Found a snail-covered altar of Cheibriados.
  2651 | D:3      | Reached skill level 1 in Shields
  2651 | D:3      | Reached XP level 5. HP: 37/39 MP: 5/9
  2704 | D:3      | You fall into a shaft and drop 3 floors!
  2798 | D:6      | Slain by an orc

Illustrated notes

Levels and vault maps discovered:
D:1:      dpeg_arrival_rooms_c, layout_basic, serial_forest,
          infiniplex_forest_clump_curved, infiniplex_forest_lined_2,
          infiniplex_forest_clump_small, infiniplex_forest_lined_3_way,
          infiniplex_forest_end_2, infiniplex_forest_fountain,
          infiniplex_forest_side_room, infiniplex_forest_lined_room_2,
          infiniplex_forest_straight_3, infiniplex_forest_split
D:2:      layout_basic, shapermc_ecumenical_altar_rom_forum, basic_altar,
          minmay_tripent
D:3:      layout_rooms
D:6:      layout_loops_ring, nicolae_qazlal_general_emergency,
          minmay_temple_entry_trees, uniq_edmund, uniq_crazy_yiuf_cottage,
          uniq_pikel, uniq_duvessa

Skill      XL: |  1  2  3  4 |
---------------+-------------+-----
Fighting       | 1 2 |  2.8
Ice Magic      | 5 |  5.4
Dodging        | 3 |  3.6
Shields        | 1 |  1.5
Spellcasting   | 3 |  3.2
Stealth        | |  2.1

Action                     |  1- 3 |  4- 6 || total
---------------------------+-------+-------++-------
  Melee: Dagger            |    66 |    17 ||    83
         Mace              |       |    15 ||    15
   Cast: Freeze            |    39 |    23 ||    62
         Frozen Ramparts   |     2 |     4 ||     6
         Ozocubu's Armour  |       |     1 ||     1
    Use: Potion            |       |     1 ||     1
   Stab: Sleeping          |     4 |       ||     4
 Armour: Robe              |    12 |    11 ||    23
  Dodge: Dodged            |    52 |    26 ||    78
  Block: Buckler           |       |     7 ||     7
